 Dungeon Crawl Stone Soup version 0.23.1 (webtiles) character file.

Game seed: 6362579194136184142

53 Gargoyl the Skirmisher (level 3, 0/31 HPs)
             Began as a Centaur Abyssal Knight on Mar 12, 2019.
             Was a Believer of Lugonu.
             Slain by an orc priest
             ... wielding a +2 flail of crushing
              (4 damage)
             ... on level 3 of the Dungeon.
             The game lasted 00:02:50 (1958 turns).

Gargoyl the Skirmisher (Centaur Abyssal Knight)     Turns: 1958, Time: 00:02:50

Health: 0/31       AC: 10    Str: 14    XL:     3   Next: 62%
Magic:  4/4        EV:  4    Int: 11    God:    Lugonu [**....]
Gold:   78         SH:  0    Dex:  9    Spells: 2/2 levels left

rFire    + . .     SeeInvis .   a - +1 hand axe
rCold    . . .     Gourm    .   (no shield)
rNeg     . . .     Faith    .   d - +2 chain mail {rF+}
rPois    .         Spirit   .   (no helmet)
rElec    .         Reflect  .   (no cloak)
rCorr    .         Harm     .   f - +0 pair of gloves
MR       .....                  (no barding)
Stlth    ..........             (no amulet)
HPRegen  0.10/turn              (no ring)
MPRegen  0.09/turn              (no ring)

@: very slightly contaminated, very quick
A: large, hooves 3, deformed body, speed 2, tough skin 3
a: Depart the Abyss, Bend Space, Renounce Religion


You were on level 3 of the Dungeon.
You worshipped Lugonu.
Lugonu was pleased with you.
You were not hungry.

You visited 1 branch of the dungeon, and saw 3 of its levels.
You visited the Abyss 1 time.

You collected 78 gold pieces.

Inventory:

Hand Weapons
 a - a +1 hand axe (weapon)
Armour
 d - a +2 chain mail of fire resistance (worn)
 f - a +0 pair of gloves (worn)
Jewellery
 i - a +4 ring of dexterity {unknown}
 l - an uncursed ring of ice {unknown}
Scrolls
 b - 2 scrolls of identify
Potions
 e - a potion of berserk rage
 g - a potion of curing
 k - a potion of agility {unknown}
 m - a potion of flight {unknown}
Comestibles
 c - 2 rations


   Skills:
 + Level 3.4 Fighting
 + Level 2.2 Axes
 * Level 2.0 Armour
 * Level 1.0 Dodging
 * Level 2.3 Invocations


You had 2 spell levels left.
You didn't know any spells.
Your spell library was empty.

Dungeon Overview and Level Annotations

Branches:
Dungeon (3/15)

Altars:
Uskayaw
The Shining One


Innate Abilities, Weirdness & Mutations

You have hooves in place of feet.
Armour fits poorly on your strangely shaped body.
You cover ground very quickly.
You have extremely tough skin. (AC +3)


Message History

You kill the orc!
Lugonu accepts your kill.
The orc priest hits you but does no damage.
You closely miss the orc priest.
Your chain mail prevents you from hitting the orc priest.
You barely miss the orc.
The orc priest hits you with a +2 flail of crushing.
* * * LOW HITPOINT WARNING * * *
The orc barely misses you.
You closely miss the orc priest. You kick the orc priest.
The orc priest is moderately wounded.
You hit the orc.
The orc priest hits you with a +2 flail of crushing.
* * * LOW HITPOINT WARNING * * *
x2 The orc hits you but does no damage.
You slash the orc priest! Your kick misses the orc priest.
The orc priest is severely wounded.
You hit the orc.
The orc priest hits you with a +2 flail of crushing.
You die...

## ######## .# #########......#
..############ ...............#
.............# ######.........#
..............#
######.........###..............#
.....#..........oo..............#
####.#.#####....@................
#.. #....................... .##
#..#+####....>.......... .. #..
#........####.. ....
.##.###....... ##### # . #.##....
+....... #.#....< # #.....


You could see an orc priest and an orc.

Vanquished Creatures
  An adder (D:2)
  A worm (D:2)
  2 leopard geckos
  An orc (D:3)
  8 bats
  A giant cockroach (D:1)
  3 goblins (D:1)
  4 hobgoblins
  2 jackals (D:2)
  4 kobolds
  A quokka (D:2)
  4 frilled lizards
  3 rats
35 creatures vanquished.

Notes
Turn   | Place    | Note
-------+----------+-------------------------------------------
     0 | Abyss:1  | Gargoyl the Centaur Abyssal Knight began the quest for the
                  | Orb.
     0 | Abyss:1  | Reached XP level 1. HP: 19/19 MP: 2/2
     7 | Abyss:2  | Noticed an iron imp
    10 | Abyss:2  | Found a corrupted altar of Lugonu.
    19 | Abyss:2  | Found a sparkling altar of Nemelex Xobeh.
    84 | Abyss:2  | Noticed a large abomination
    95 | Abyss:2  | Noticed a neqoxec
    98 | D:1      | Escaped the Abyss
   194 | D:1      | Reached * piety under Lugonu
   209 | D:1      | Reached XP level 2. HP: 19/26 MP: 3/3
  1037 | D:2      | Found a glowing golden altar of the Shining One.
  1037 | D:2      | Found a hide-covered altar of Uskayaw.
  1062 | D:2      | Reached XP level 3. HP: 29/31 MP: 4/4
  1195 | D:2      | Reached ** piety under Lugonu
  1195 | D:2      | Reached skill level 1 in Dodging
  1958 | D:3      | Slain by an orc priest

Skill      XL: |  1  2  3 |
---------------+----------+-----
Axes           | 2 |  2.2
Dodging        | 1 |  1.0
Armour         | 2 |  2.0
Fighting       | |  3.4
Invocations    | |  2.3

Action                   || total
-------------------------++-------
Melee: Hand axe          ||   133
       Kick              ||    17
Invok: Depart the Abyss  ||     1
  Use: Scroll            ||     5
       Potion            ||     1
  Eat: Chunk             ||     2
Armor: Chain mail        ||   149
Dodge: Dodged            ||    40
